 Dungeon Crawl Stone Soup version 0.25.0-10-g039870ee82 (webtiles) character file.

Game seed: 9577093343342806307

11249 nikku the Thaumaturge (level 11, -8/63 HPs)
             Began as a Deep Elf Conjurer on June 23, 2020.
             Was a Priest of Vehumet.
             Mangled by a very large slime creature (56 damage)
             ... on level 10 of the Dungeon.
             The game lasted 00:44:34 (12405 turns).

nikku the Thaumaturge (Deep Elf Conjurer)          Turns: 12405, Time: 00:44:34

Health: -8/63      AC:  7    Str:  5    XL:     11   Next: 46%
Magic:  4/29       EV: 13    Int: 24    God:    Vehumet [***...]
Gold:   590        SH:  0    Dex: 15    Spells: 23/34 levels left

rFire    . . .     SeeInvis .   u - +2 falchion (protect)
rCold    + . .     Gourm    .   (no shield)
rNeg     . . .     Faith    .   r - +0 robe
rPois    .         Spirit   .   B - +1 helmet
rElec    .         Reflect  .   (no cloak)
rCorr    .         Harm     .   i - +2 pair of gloves
MR       +....                  (no boots)
Stlth    ++........             H - amulet of regeneration
HPRegen  0.60/turn              j - ring of protection from cold
MPRegen  0.21/turn              (no ring)

@: slowed, very slow
A: no striking features
a: Renounce Religion


You were on level 10 of the Dungeon.
You worshipped Vehumet.
Vehumet was most pleased with you.
You were not hungry.

You visited 2 branches of the dungeon, and saw 11 of its levels.

You collected 590 gold pieces.

Inventory:

Hand Weapons
 a - a +1 hunting sling of flaming
 b - a +2 whip of venom
 u - a +2 falchion of protection (weapon)
Missiles
 h - 270 stones
 l - 2 javelins
 t - 56 poisoned darts (quivered)
Armour
 i - a +2 pair of gloves (worn)
 k - the +2 leather armour of the Earth {rElec rPois rN+++ Str-4, unknown}
   (You found it on level 9 of the Dungeon)

   It affects your strength (-4).
   It insulates you from electricity.
   It protects you from poison.
   It renders you almost immune to negative energy.
 p - a +1 kite shield
 r - a +0 robe (worn)
 B - a +1 helmet (worn)
Jewellery
 j - a ring of protection from cold (left hand)
 H - an amulet of regeneration (around neck)
Wands
 x - a wand of enslavement (21)
 A - a wand of polymorph (6)
 E - a wand of acid (8)
Scrolls
 m - 2 scrolls of blinking
 n - 4 scrolls of teleportation
 o - a scroll of fog
 q - 2 scrolls of fear
 s - 5 scrolls of remove curse
 w - a scroll of enchant armour
 y - 4 scrolls of amnesia
Potions
 d - a potion of ambrosia
 e - a potion of brilliance
 f - 2 potions of mutation
 g - 2 potions of curing
 z - 2 potions of flight
 D - 2 potions of haste {unknown}
 F - a potion of cancellation {unknown}
Comestibles
 c - 21 rations


   Skills:
 + Level 5.0 Fighting
 - Level 2.4 Dodging
 - Level 2.4 Stealth
 + Level 5.0 Shields
 + Level 12.2 Spellcasting
 + Level 11.1 Conjurations
 - Level 8.4 Hexes
 - Level 6.9 Translocations


You had 23 spell levels left.
You knew the following spells:

 Your Spells              Type           Power        Failure   Level  Hunger
a - Shock                 Conj/Air       ####         1%          1    None
b - Searing Ray           Conj           ######       1%          2    None
c - Fulminant Prism       Conj/Hex       ######....   1%          4    None
d - Iskenderun's Mystic   Conj/Tloc      ######..     1%          4    None

Your spell library contained the following spells:

 Spells                   Type           Power        Failure   Level  Hunger
 Frozen Ramparts          Ice            ##....       3%          3    None
 Magic Dart               Conj           ####         1%          1    None
 Confusing Touch          Hex            ######..     1%          3    None
 Dazzling Flash           Conj/Hex       ######       1%          3    None
 Gell's Gravitas          Tloc           #####.....   1%          3    None
 Static Discharge         Conj/Air       #####...     1%          3    None
 Lightning Bolt           Conj/Air       #####.....   3%          5    ###....
 Yara's Violent Unravell  Hex/Tmut       #####.....   5%          5    ###....
 Swiftness                Chrm/Air       ##......     6%          2    None
 Airstrike                Air            ##........   11%         4    None
 Metabolic Englaciation   Hex/Ice        #####.....   21%         5    ###....
 Petrify                  Tmut/Erth      ##......     38%         4    None


Dungeon Overview and Level Annotations

Branches:
Dungeon (10/15)            Temple (1/1) D:7            Lair (0/6) D:10
    Orc (0/2) D:9

Altars:
Ashenzari
Cheibriados
Dithmenos
Elyvilon
Fedhas
Gozag
Hepliaklqana
Kikubaaqudgha
Makhleb
Nemelex Xobeh
Okawaru
Qazlal
Ru
Sif Muna
Trog
Uskayaw
Vehumet
Wu Jian
Xom
Yredelemnul
Zin
The Shining One

Annotations:
D:10 2 transporters, nikku's ghost, novice DECj


Message History

The large slime creature is knocked back by the mystic blast.
The adder hisses angrily.
Casting: Iskenderun's Mystic Blast (safe; 1% risk of failure)
Confirm with . or Enter, or press ? or * to list all spells.
You erupt in a blast of force!
The mystic blast hits the adder!
You kill the adder!
Vehumet accepts your kill.
The mystic blast hits the very large slime creature!
The very large slime creature is heavily wounded.
The very large slime creature is knocked back by the mystic blast.
The very large slime creature collides with the large slime creature!
The large slime creature barely misses you.
A sky beast appears from thin air!
Reactivating autopickup.
A large slime creature splits.
The very large slime creature misses you.
Two slime creatures merge to form a large slime creature.
The very large slime creature hits you!!!
Ouch! That really hurt!
You die...

.......<...........##...#
########.##..####...#..##
#.##...........##
#.###.####......## #.#
#.# ##.#.##.# #.#
#.#####.#.###. #.#
#.(........... #
#.#########.#.#### ##
#@.# #.#.# .# # #JJ#
#.#.# .# .# #Y.# #.#.#
.##.### ###
##..########.#.# .......
..# #..............# #
....# #.#
#...########.### #
J#########.# #..†# #.# #
........##.## #...#
#.######
#######.#...###†..#
#.......


You could see a very large slime creature, a large slime creature and a sky
beast.

Vanquished Creatures
  Erica (D:10)
  A two-headed ogre (D:8)
  A centaur zombie (D:9)
  Psyche (D:8)
  10 yaks (D:9)
  4 hogs (D:8)
  2 wyverns
  A human (D:8)
  3 hungry ghosts
  Menkaure (D:4)
  3 wargs (D:9)
  A water moccasin (D:8)
  6 porcupines (D:10)
  3 black bears
  2 sky beasts
  3 orc warriors (D:7)
  5 ogres
  A phantom (D:6)
  3 ice beasts
  2 necrophages
  5 centaurs
  A big kobold (D:8)
  8 bullfrogs
  5 scorpions
  5 killer bees (D:10)
  4 wights
  6 howler monkeys
  5 crimson imps
  A bullfrog zombie (D:7)
  A hound (D:3)
  5 orc priests
  15 orc wizards
  2 centaur skeletons
  A gnoll shaman (D:4)
  2 iguanas
  Natasha (thrice) (D:3)
  12 worker ants
  A killer bee zombie (D:8)
  2 mummies (D:7)
  2 hound skeletons
  Robin (D:3)
  11 gnolls
  19 adders
  2 shadow imps
  An ooze (D:6)
  An adder skeleton (D:9)
  4 worms
  6 leopard geckos
  33 orcs
  3 giant cockroaches
  18 goblins
  9 hobgoblins
  17 jackals
  6 quokkas
  3 bats
  A frilled lizard (D:3)
  A jackal skeleton (D:8)
  7 kobolds
  A leopard gecko skeleton (D:4)
  A leopard gecko zombie (D:9)
  A quokka skeleton (D:5)
  2 rats (D:1)
  A fulminant prism (D:9)
  2 fungi (D:10)
  2 plants (D:10)
293 creatures vanquished.

Vanquished Creatures (others)
  37 fulminant prisms
  40 fungi (D:10)
  21 plants (D:10)
98 creatures vanquished.

Grand Total: 391 creatures vanquished

Notes
Turn   | Place    | Note
-------+----------+-------------------------------------------
     0 | D:1      | nikku the Deep Elf Conjurer began the quest for the Orb.
     0 | D:1      | Reached XP level 1. HP: 10/10 MP: 6/6
   438 | D:1      | Reached XP level 2. HP: 15/15 MP: 3/8
  1221 | D:2      | Reached skill level 4 in Spellcasting
  1221 | D:2      | Reached skill level 5 in Conjurations
  1221 | D:2      | Reached XP level 3. HP: 19/19 MP: 6/10
  1276 | D:2      | Learned a level 2 spell: Searing Ray
  1844 | D:2      | Reached XP level 4. HP: 24/24 MP: 1/12
  1850 | D:2      | Learned a level 4 spell: Fulminant Prism
  1855 | D:2      | Learned a level 4 spell: Iskenderun's Mystic Blast
  2020 | D:2      | Found a stormy altar of Qazlal.
  2021 | D:2      | Noticed an earth elemental
  2023 | D:2      | Noticed an air elemental
  2023 | D:2      | Noticed a water elemental
  2023 | D:2      | Noticed a fire elemental
  2345 | D:3      | Noticed Natasha
  2349 | D:3      | Killed Natasha
  2349 | D:3      | Reached skill level 1 in Hexes
  2349 | D:3      | Reached skill level 1 in Translocations
  2387 | D:3      | Noticed Robin
  2391 | D:3      | Reached skill level 5 in Spellcasting
  2393 | D:3      | Killed Robin
  2404 | D:3      | Reached XP level 5. HP: 24/28 MP: 2/14
  2522 | D:3      | Found a shimmering altar of Xom.
  2522 | D:3      | Found an ornate altar of the Wu Jian Council.
  2528 | D:3      | Found a basalt altar of Yredelemnul.
  2553 | D:3      | Noticed Natasha
  2559 | D:3      | Killed Natasha
  3180 | D:3      | Noticed Natasha
  3186 | D:3      | Killed Natasha
  3365 | D:3      | Reached XP level 6. HP: 23/32 MP: 11/16
  3459 | D:3      | Found a burning altar of Makhleb.
  3945 | D:4      | Reached skill level 6 in Spellcasting
  4019 | D:4      | Reached XP level 7. HP: 36/36 MP: 8/18
  4491 | D:4      | Noticed Menkaure
  4497 | D:4      | Killed Menkaure
  4882 | D:5      | Entered Level 5 of the Dungeon
  4989 | D:5      | Found a bloodstained altar of Trog.
  5021 | D:5      | Found an iron altar of Okawaru.
  5049 | D:5      | Reached skill level 5 in Hexes
  5154 | D:5      | Reached skill level 7 in Spellcasting
  5377 | D:5      | Reached XP level 8. HP: 29/41 MP: 16/20
  6179 | D:6      | Reached skill level 5 in Translocations
  6328 | D:6      | Reached skill level 8 in Spellcasting
  6412 | D:6      | Learned a level 1 spell: Shock
  7286 | D:7      | Reached XP level 9. HP: 45/45 MP: 13/23
  7610 | D:7      | Reached skill level 9 in Spellcasting
  8125 | D:7      | Found a staircase to the Ecumenical Temple.
  8219 | Temple   | Entered the Ecumenical Temple
  8380 | Temple   | Became a worshipper of Vehumet
  8755 | D:8      | Noticed a two-headed ogre
  8767 | D:8      | Killed a two-headed ogre
  8767 | D:8      | Reached skill level 1 in Fighting
  8767 | D:8      | Reached skill level 1 in Shields
  8767 | D:8      | Reached skill level 10 in Spellcasting
  8883 | D:8      | Reached XP level 10. HP: 31/53 MP: 18/26
  9152 | D:8      | Reached * piety under Vehumet
  9152 | D:8      | Offered knowledge of Sandblast by Vehumet.
  9574 | D:8      | Noticed Psyche
  9577 | D:8      | Found a sacrificial altar of Ru.
  9583 | D:8      | Killed Psyche
 10263 | D:8      | Reached skill level 10 in Conjurations
 10263 | D:8      | Reached skill level 11 in Spellcasting
 10651 | D:9      | Reached ** piety under Vehumet
 10651 | D:9      | Offered knowledge of Freeze by Vehumet.
 10863 | D:9      | Reached XP level 11. HP: 61/61 MP: 4/28
 10990 | D:9      | Got a faintly glowing leather armour
 11023 | D:9      | Found a staircase to the Orcish Mines.
 11735 | D:10     | Entered Level 10 of the Dungeon
 11822 | D:10     | Offered knowledge of Frozen Ramparts by Vehumet.
 11955 | D:10     | Reached skill level 12 in Spellcasting
 11955 | D:10     | Reached *** piety under Vehumet
 11959 | D:10     | Found a staircase to the Lair.
 12119 | D:10     | Found a transporter.
 12119 | D:10     | Noticed nikku's ghost (novice DECj)
 12122 | D:10     | Noticed a skeletal warrior
 12210 | D:10     | Found a transporter.
 12358 | D:10     | Noticed Erica
 12370 | D:10     | Killed Erica
 12370 | D:10     | Reached skill level 5 in Fighting
 12370 | D:10     | Reached skill level 5 in Shields
 12405 | D:10     | Mangled by a very large slime creature

Illustrated notes

Levels and vault maps discovered:
D:1:      minmay_arrival_glassed_features, layout_loops_ring,
          minmay_misc_feat_diagonals
D:2:      layout_loops_corners, first_ration, nicolae_qazlal_style_of_elements
D:3:      layout_loops_ring, grunt_temple_overflow_open,
          makhleb_blood_cavern_becter, uniq_robin, uniq_natasha
D:4:      layout_loops_ring, minmay_misc_feat_square, uniq_menkaure
D:5:      layout_cave_pools, grunt_temple_overflow_bloody_war
D:6:      layout_basic
D:7:      minmay_general_purpose_star, layout_basic, temple_fountains,
          serial_undead, serial_undead_e, serial_undead_e, serial_undead_e,
          serial_undead_c
D:8:      layout_cave_pods, lemuel_crystal_altar, enter_bailey_3,
          grunt_livestock, uniq_psyche
D:9:      layout_layer_cave, minmay_orc_entry_guard_dogs
D:10:     layout_loops_ring, due_lair_maze_entry_diamond,
          gammafunk_ghost_mausoleum, uniq_erica
Temple:   eino_temple_scatter_basement

Skill      XL: |  1  2  3  4  5  6  7  8  9 10 11 |
---------------+----------------------------------+-----
Spellcasting   | 4 5 6 7 8 10 11 12 | 12.2
Conjurations   | 5 6 7 8 9 10 11 | 11.1
Hexes          | 1 2 3 5 7 8 |  8.4
Translocations | 1 2 3 4 5 6 |  6.9
Fighting       | 1 4 5 |  5.0
Shields        | 1 4 5 |  5.0
Dodging        | |  2.4
Stealth        | |  2.4

Action                   |  1- 3 |  4- 6 |  7- 9 | 10-12 || total
-------------------------+-------+-------+-------+-------++-------
Melee: Falchion          |       |       |       |     1 ||     1
 Fire: Hunting sling     |    17 |    44 |    20 |       ||    81
 Cast: Magic Dart        |    55 |    96 |    88 |       ||   239
       Searing Ray       |     3 |    11 |    45 |    36 ||    95
       Fulminant Prism   |       |       |    11 |    27 ||    38
       Shock             |       |       |   107 |   140 ||   247
       Iskenderun's Myst |       |       |     4 |     6 ||    10
  Use: Scroll            |     5 |     7 |     7 |     4 ||    23
  Eat: Chunk             |     3 |     6 |    15 |     8 ||    32
       Ration            |       |       |       |     1 ||     1
Armor: Robe              |     3 |     3 |     2 |     9 ||    17
Dodge: Dodged            |    16 |    23 |    28 |    29 ||    96
       Rpst.: Falchion   |       |       |     1 |     7 ||     8
